 Dungeon Sprint DCSS version 0.28-a0-384-g9e0c098162 (webtiles) character file.

Game seed: 6471870687674647872

13685 MikeHunt the Severer (level 11, -5/171 HPs)
             Began as a Minotaur Berserker on Sept 2, 2021.
             Was the Champion of Trog.
             Hit by a silver javelin thrown by a merfolk javelineer (28 damage)
             ... in the Dungeon (Sprint III: "The Ten Rune Challenge").
             The game lasted 00:06:38 (3119 turns).

MikeHunt the Severer (Minotaur Berserker)           Turns: 3119, Time: 00:06:39

Health: -5/171     AC: 18    Str: 21    XL:     11   Next: 78%
Magic:  7/10       EV: 12    Int:  4    God:    Trog [******]
Gold:   2484       SH:  0    Dex: 14    Spells: 10/10 levels left

rFire   . . .      SeeInvis .   u - +5 battleaxe (flame) {god gift}
rCold   . . .      Faith    .   (shield currently unavailable)
rNeg    . . .      Spirit   .   s - +0 plate armour
rPois   .          Reflect  .   (helmet restricted)
rElec   .          Harm     .   i - +0 cloak
rCorr   .          Rampage  .   (no gloves)
Will    .....      NoTele   +   (no boots)
Stlth   ..........              (no amulet)
HPRegen 0.38/turn               (no ring)
MPRegen 0.12/turn               (no ring)

@: berserking, very quick
A: horns 2, retaliatory headbutt
a: Renounce Religion, Berserk, Trog's Hand, Brothers in Arms


You were in the Dungeon.
You worshipped Trog.
Trog was exalted by your worship.
You visited 1 branch You collected 2484 gold pieces.

Inventory:

Hand Weapons
 a - a +0 hand axe
 q - a +6 battleaxe {god gift}
 r - a +1 vorpal battleaxe {god gift}
 t - the +11 broad axe "Onaabu" {god gift, vorpal, rC+}
   (Trog gifted it to you in the Dungeon)

   It inflicts extra damage upon your enemies.
   rC:        It protects you from cold.
 u - a +5 battleaxe of flaming (weapon) {god gift}
 v - a +4 antimagic war axe {god gift}
 x - a +4 antimagic executioner's axe {god gift}
Missiles
 w - 5 javelins (quivered)
Armour
 b - a +0 animal skin
 i - a +0 cloak (worn)
 s - a +0 plate armour (worn)
Wands
 p - a wand of paralysis (4)
Scrolls
 k - a scroll of torment {unknown}
 l - 4 scrolls of identify
 n - a scroll of holy word {unknown}
Potions
 c - 2 potions of curing
 e - a potion of haste
 f - 3 potions of magic
 g - 2 potions of berserk rage
 j - 3 potions of mutation {unknown}
 m - 2 potions of flight
 o - a potion of brilliance {unknown}


   Skills:
 + Level 16.0 Fighting
 - Level 20.0 Axes
 + Level 14.8 Armour
 + Level 14.7 Dodging
 + Level 6.3 Evocations


You had 10 spell levels left.
You didn't know any spells.
Your spell library was empty.

Dungeon Overview and Level Annotations

Branches:
Dungeon (1/1)

Altars:
Cheibriados
Dithmenos
Elyvilon
Fedhas
Gozag
Hepliaklqana
Kikubaaqudgha
Makhleb
Nemelex Xobeh
Okawaru
Qazlal
Ru
Sif Muna
Trog
Uskayaw
Vehumet
Wu Jian
Xom
Yredelemnul
Zin
The Shining One
Beogh
Jiyva
Lugonu

Shops:
D :[:!


Innate Abilities, Weirdness & Mutations

You have a pair of horns on your head.
You reflexively headbutt those who attack you in melee.


Message History

The merfolk javelineer throws a silver javelin.
The silver javelin pierces through you!
* * * LOW HITPOINT WARNING * * *
The merfolk javelineer throws a silver javelin.
The silver javelin barely misses you.
You see here 10 large rocks.
A red film seems to cover your vision as you go berserk!
You feel yourself moving faster!
You feel mighty!
The merfolk javelineer throws a silver javelin.
The silver javelin completely misses you.
You closely miss the merfolk javelineer.
You miss the merfolk javelineer.
The merfolk javelineer throws a silver javelin.
The silver javelin pierces through you!!
* * * LOW HITPOINT WARNING * * *
x2 You hit the merfolk javelineer.
You burn the merfolk javelineer.
Your headbutt misses the merfolk javelineer.
The merfolk javelineer is lightly wounded.
Your skin stops crawling.
You feel less strong-willed.
You barely miss the merfolk javelineer. You headbutt the merfolk javelineer!
The merfolk javelineer is lightly wounded.
You slice the merfolk javelineer!! You burn the merfolk javelineer!
The merfolk javelineer is severely wounded.
The merfolk javelineer throws a silver javelin.
The silver javelin misses you.
You closely miss the merfolk javelineer.
The merfolk javelineer is severely wounded.
You closely miss the merfolk javelineer.
The merfolk javelineer is severely wounded.
The merfolk javelineer throws a silver javelin.
The silver javelin closely misses you.
You closely miss the merfolk javelineer.
You headbutt the merfolk javelineer!
The merfolk javelineer is almost dead.
You closely miss the merfolk javelineer.
Your headbutt misses the merfolk javelineer.
The merfolk javelineer is almost dead.
The merfolk javelineer throws a silver javelin.
The silver javelin pierces through you!!
You die...

♣♣♣♣♣♣#..♣♣ ♣♣♣##+##
###'♣♣♣♣♣♣♣♣♣♣♣♣♣♣♣
♣♣♣♣.##..##≈≈≈≈≈≈..#
♣..†##.##.#≈≈≈≈≈...#
♣♣.##†##.##'≈≈≈°§####+
♣..#.##.).#≈≈).☼○.○$.
♣♣.##.##..#≈..+####
♣♣.##.#####...#
♣.....##÷@....#
########m############
▓≈≈≈≈≈≈≈≈≈≈≈≈▓
▓≈≈÷≈≈≈≈≈≈≈≈≈▓
▓≈≈≈..≈≈≈≈≈..▓
▓≈≈..†.≈§≈...▓
▓≈≈≈..≈≈≈≈≈..▓
▓≈≈≈≈≈≈≈≈≈≈..▓
▓≈≈≈≈≈≈≈≈≈≈≈.▓


You could see a merfolk javelineer.

Vanquished Creatures
  Polyphemus (D)
  Ilsuiw (D)
  Erolcha (D)
  2 hydras (D)
  Urug (D)
  A death drake (D)
  A sea snake (D)
  A deep elf pyromancer (D)
  A lindwurm (D)
  3 orc sorcerers (D)
  2 cane toads (D)
  A rime drake (D)
  A komodo dragon (D)
  2 tyrant leeches (D)
  3 dream sheep (D)
  5 redbacks (D)
  A shadow (D)
  A spatial vortex (D)
  A swamp drake (D)
  An orc warrior (D)
  A necrophage (D)
  5 two-headed ogres (D)
  A water elemental (D)
  An electric eel (D)
  3 wandering mushrooms (D)
  A jelly (D)
  4 orc priests (D)
  Crazy Yiuf (D)
  An orc wizard (D)
  A wizard (D)
  A necromancer (D)
  A kobold demonologist (D)
  3 humans (D)
  9 orcs (D)
  An endoplasm (D)
  3 rats (D)
68 creatures vanquished.

Vanquished Creatures (others)
  2 plants (D)
2 creatures vanquished.

Grand Total: 70 creatures vanquished

Notes
Turn   | Place    | Note
-------+----------+-------------------------------------------
     0 | D        | MikeHunt the Minotaur Berserker began the quest for the
                  | Orb.
     0 | D        | Reached XP level 1. HP: 19/19 MP: 0/0
     5 | D        | Reached skill level 4 in Axes
    13 | D        | Reached ** piety under Trog
    30 | D        | Noticed Crazy Yiuf
    37 | D        | Killed Crazy Yiuf
    38 | D        | Reached skill level 5 in Fighting
    38 | D        | Reached skill level 6 in Axes
    38 | D        | Reached XP level 2. HP: 29/29 MP: 1/1
    38 | D        | Reached XP level 3. HP: 36/36 MP: 2/2
   109 | D        | Reached skill level 7 in Axes
   177 | D        | Noticed a water elemental
   181 | D        | Killed a water elemental
   181 | D        | Reached *** piety under Trog
   182 | D        | Reached skill level 8 in Axes
   182 | D        | Reached skill level 5 in Dodging
   182 | D        | Reached XP level 4. HP: 45/45 MP: 3/3
   215 | D        | Found a shadowy altar of Dithmenos.
   215 | D        | Noticed a necrophage
   220 | D        | Killed a necrophage
   221 | D        | Reached skill level 10 in Axes
   221 | D        | Reached XP level 5. HP: 53/53 MP: 4/4
   221 | D        | Found a basalt altar of Yredelemnul.
   221 | D        | Found a sacrificial altar of Ru.
   257 | D        | Found a glowing silver altar of Zin.
   257 | D        | Found a glowing golden altar of the Shining One.
   257 | D        | Found a white marble altar of Elyvilon.
   257 | D        | Noticed a deep elf pyromancer
   263 | D        | Killed a deep elf pyromancer
   263 | D        | Reached **** piety under Trog
   264 | D        | Reached skill level 10 in Fighting
   264 | D        | Reached skill level 13 in Axes
   264 | D        | Reached XP level 6. HP: 36/66 MP: 5/5
   264 | D        | Reached XP level 7. HP: 39/72 MP: 6/6
   382 | D        | Found a radiant altar of Vehumet.
   388 | D        | Found a shimmering blue altar of Sif Muna.
   388 | D        | Found an ancient bone altar of Kikubaaqudgha.
   509 | D        | Found a hide-covered altar of Uskayaw.
   509 | D        | Found an iron altar of Okawaru.
   509 | D        | Found a bloodstained altar of Trog.
   509 | D        | Found an ornate altar of the Wu Jian Council.
   509 | D        | Noticed a human
   511 | D        | Noticed a human
   515 | D        | Killed a human
   515 | D        | Reached ***** piety under Trog
   516 | D        | Reached skill level 14 in Axes
   518 | D        | Killed a human
   550 | D        | Noticed a shadow
   557 | D        | Reached XP level 8. HP: 82/82 MP: 7/7
   558 | D        | Reached skill level 10 in Dodging
   604 | D        | Found a blossoming altar of Fedhas.
   604 | D        | Found a stormy altar of Qazlal.
   604 | D        | Found a snail-covered altar of Cheibriados.
   604 | D        | Found a burning altar of Makhleb.
   604 | D        | Found a shimmering altar of Xom.
   605 | D        | Found a hazy altar of Hepliaklqana.
   605 | D        | Found an opulent altar of Gozag.
   605 | D        | Found a sparkling altar of Nemelex Xobeh.
   605 | D        | Found a corrupted altar of Lugonu.
   605 | D        | Found a viscous altar of Jiyva.
   612 | D        | Reached skill level 15 in Axes
   812 | D        | Noticed a two-headed ogre
   818 | D        | Killed a two-headed ogre
   909 | D        | Found Fumyagat's Book Boutique.
   909 | D        | Noticed an orc sorcerer
   909 | D        | Noticed an orc sorcerer
   909 | D        | Noticed an orc sorcerer
   947 | D        | Killed an orc sorcerer
   947 | D        | Reached ****** piety under Trog
   948 | D        | Reached XP level 9. HP: 93/93 MP: 8/8
  1007 | D        | Received a gift from Trog
  1039 | D        | Killed an orc sorcerer
  1039 | D        | Received a gift from Trog
  1040 | D        | Reached skill level 16 in Axes
  1114 | D        | Killed an orc sorcerer
  1115 | D        | Reached skill level 17 in Axes
  1183 | D        | Noticed a two-headed ogre
  1183 | D        | Noticed Erolcha
  1189 | D        | Killed a two-headed ogre
  1190 | D        | Reached skill level 5 in Armour
  1193 | D        | Killed Erolcha
  1193 | D        | Received a gift from Trog
  1194 | D        | Reached skill level 18 in Axes
  1194 | D        | Reached XP level 10. HP: 102/102 MP: 9/9
  1204 | D        | Identified the +11 broad axe "Onaabu" {god gift, vorpal,
                  | rC+} (Trog gifted it to you in the Dungeon)
  1204 | D        | Received a gift from Trog
  1407 | D        | Noticed a cane toad
  1407 | D        | Noticed a cane toad
  1410 | D        | Killed a cane toad
  1411 | D        | Reached skill level 10 in Armour
  1417 | D        | Killed a cane toad
  1417 | D        | Received a gift from Trog
  1418 | D        | Reached skill level 19 in Axes
  1919 | D        | Noticed a lindwurm
  1924 | D        | Killed a lindwurm
  1927 | D        | Received a gift from Trog
  2012 | D        | Noticed Urug
  2018 | D        | Killed Urug
  2019 | D        | Reached XP level 11. HP: 64/110 MP: 10/10
  2118 | D        | Noticed a six-headed hydra
  2118 | D        | Noticed a four-headed hydra
  2126 | D        | Killed a two-headed hydra
  2127 | D        | Reached skill level 20 in Axes
  2127 | D        | Reached skill level 1 in Evocations
  2129 | D        | Killed a three-headed hydra
  2411 | D        | Noticed a death drake
  2421 | D        | Killed a death drake
  2711 | D        | Noticed Polyphemus
  2725 | D        | Killed Polyphemus
  2726 | D        | Reached skill level 15 in Fighting
  2729 | D        | Reached skill level 5 in Evocations
  2863 | D        | Noticed Ilsuiw
  2903 | D        | Killed Ilsuiw
  3073 | D        | Found Tiory's Antique Armour Emporium.
  3073 | D        | Noticed a sea snake
  3080 | D        | Killed a sea snake
  3080 | D        | Received a gift from Trog
  3088 | D        | Found Firr's Book Shop.
  3089 | D        | Found Ahululuniji's Distillery.
  3090 | D        | Noticed a merfolk javelineer
  3119 | D        | Hit by a silver javelin thrown by a merfolk javelineer

Illustrated notes

Levels and vault maps discovered:
D:        dungeon_sprint_mu [sprint_mu_entry_forest, sprint_mu_temple_rooms,
          sprint_mu_d1_spiders, sprint_mu_d2_genie, sprint_mu_d3_branching,
          sprint_mu_orc_legion, sprint_mu_elf_gauntlet, sprint_mu_hive_nellie,
          sprint_mu_lair_fedhas, sprint_mu_vaults_butterflies,
          sprint_mu_slime_circle, sprint_mu_swamp_cave, sprint_mu_shoals_archi,
          sprint_mu_blade_basic, sprint_mu_crypt_chambers,
          sprint_mu_tomb_spiral, sprint_mu_vestibule_basic,
          sprint_mu_gehenna_hellfire, sprint_mu_dis_giant,
          sprint_mu_tartarus_statrot, sprint_mu_cocytus_islands, sprint_mu_zot1]

Skill      XL: |  1  2  3  4  5  6  7  8  9 10 11 |
---------------+----------------------------------+-----
Axes           | 6 8 10 13 14 15 18 19 20 | 20.0
Fighting       | 5 6 7 10 11 13 14 16 | 16.0
Dodging        | 3 5 6 9 12 13 14 | 14.7
Armour         | 8 12 14 | 14.8
Evocations     | 6 |  6.3

Action                   |  1- 3 |  4- 6 |  7- 9 | 10-12 || total
-------------------------+-------+-------+-------+-------++-------
Melee: Hand axe          |    19 |    11 |    45 |       ||    75
       Headbutt          |     3 |     4 |    19 |    20 ||    46
       Battleaxe         |       |       |    27 |   127 ||   154
Invok: Berserk           |     3 |     1 |     9 |     8 ||    21
       Trog's Hand       |       |       |       |     4 ||     4
       Brothers in Arms  |       |       |       |     1 ||     1
  Use: Scroll            |       |       |       |     1 ||     1
       Potion            |       |       |       |     1 ||     1
Armor: Animal skin       |     1 |       |       |       ||     1
       Plate armour      |       |       |     6 |    43 ||    49
Dodge: Dodged            |     9 |     4 |    23 |    39 ||    75

Table legend: (Time is in decaauts)
 A = Elapsed time spent in this place.
 B = Non-inter-level travel time spent in this place.
 C = Inter-level travel time spent in this place.
 D = Time resting spent in this place.
 E = Time spent auto-exploring this place.
 F = Levels seen in this place.
 G = Mean time per level.
                   A        B        C        D        E       F      G
               +--------+--------+--------+--------+--------+-----+--------+
         Total |   3284 |   3282 |      2 |   2590 |      0 |   1 | 3284.0 |
       Dungeon |   3284 |   3282 |      2 |   2590 |      0 |   1 | 3284.0 |
               +--------+--------+--------+--------+--------+-----+--------+

Top non-repeatable levels by time:
       D: 3284 daAuts
